 Dungeon Crawl Stone Soup version 0.25-a0-734-g73332aeda9 (webtiles) character file.

Game seed: 2402762885425510298, levelgen mode: deterministic

248 Maedhros the Sneak (level 6, -2/38 HPs)
             Began as an Octopode Artificer on Apr 10, 2020.
             Slain by a centaur zombie (7 damage)
             ... in an ossuary.
             The game lasted 00:04:13 (1197 turns).

Maedhros the Sneak (Octopode Artificer)             Turns: 1197, Time: 00:04:14

Health: -2/38      AC:  1    Str: 11    XL:     6   Next: 12%
Magic:  10/10      EV: 13    Int: 14    God:
Gold:   65         SH:  0    Dex: 14    Spells: 5/5 levels left

rFire    . . .     SeeInvis .   g - +0 dagger (venom)
rCold    . . .     Gourm    .   (no shield)
rNeg     . . .     Faith    .   (helmet restricted)
rPois    .         Spirit   .   (no amulet)
rElec    .         Reflect  .   (no ring)
rCorr    .         Harm     .   (no ring)
MR       .....                  (no ring)
Stlth    ++++......             (no ring)
HPRegen  0.12/turn              (no ring)
MPRegen  0.12/turn              (no ring)
                                (no ring)
                                (no ring)

@: no status effects
A: almost no armour, stealthy swim, amphibious, 8 rings, constrict 8, camouflage
1, gelatinous body 1
a: no special abilities


You were in an ossuary.
You were very hungry.

You visited 1 branch of the dungeon, and saw 6 of its levels.
You also visited: Ossuary.

You collected 65 gold pieces.

Inventory:

Hand Weapons
 a - a +0 short sword
 g - a +0 dagger of venom (weapon)
Missiles
 e - 42 sling bullets
 n - 5 javelins (quivered)
Wands
 b - a wand of flame (12)
 c - a wand of enslavement (8)
 d - a wand of random effects (12)
 o - a wand of acid (6)
Scrolls
 h - a scroll of amnesia
 j - a scroll of fear
 p - a scroll of identify
Potions
 i - a potion of ambrosia
 k - a potion of cancellation {unknown}
 l - a potion of brilliance {unknown}
 m - a potion of might {unknown}
Comestibles
 f - 6 rations


   Skills:
 - Level 1.0 Fighting
 - Level 1.0 Short Blades
 - Level 2.0 Dodging
 + Level 6.0 Stealth
 + Level 5.6 Evocations


You had 5 spell levels left.
You didn't know any spells.
Your spell library was empty.

Dungeon Overview and Level Annotations

Branches:
Dungeon (6/15)            Ossuary (1/1)
 Temple: D:4-7

Altars:

Annotations:
D:5 Sigmund


Innate Abilities, Weirdness & Mutations

You cannot wear most types of armour.
You are very stealthy in the water. (Stealth+)
You are amphibious.
You can wear up to eight rings at the same time.
You can use your tentacles to constrict eight enemies at once.
Your skin changes colour to match your surroundings (Stealth+).
Your rubbery body absorbs attacks. (AC +1, EV +1)


Message History

The centaur zombie hits you.
You hit the centaur zombie.
The centaur zombie is severely damaged.
The centaur zombie hits you.
You are too injured to fight recklessly!
You hit the centaur zombie but do no damage.
The centaur zombie is severely damaged.
The centaur zombie barely misses you.
You are too injured to fight recklessly!
You hit the centaur zombie but do no damage.
The centaur zombie is severely damaged.
You are feeling very hungry.
The centaur zombie hits you.
* * * LOW HITPOINT WARNING * * *
You hit the centaur zombie.
The centaur zombie is severely damaged.
The centaur zombie hits you!
* * * LOW HITPOINT WARNING * * *
The centaur zombie hits you!
You die...

#################
#........∩..∩....
#................
#......########..
#.@.#### #.Z## #..+
#..## #...#### ###.
#......########....
#.......ZZ.........
#..................
#......########....


You could see a centaur zombie.

Vanquished Creatures
  An ogre (D:4)
  A centaur zombie (Ossuary)
  Ijyb (D:4)
  A hound zombie (Ossuary)
  A worker ant zombie (D:5)
  3 adders
  2 adder zombies (Ossuary)
  An ooze (D:3)
  A leopard gecko (D:2)
  3 giant cockroaches
  2 goblins (D:1)
  6 hobgoblins
  6 jackals
  3 bats
  2 frilled lizards
  2 goblin zombies (Ossuary)
  3 hobgoblin zombies (Ossuary)
  A jackal zombie (Ossuary)
  2 kobolds
  A kobold zombie (Ossuary)
  An orc zombie (Ossuary)
  3 rats
47 creatures vanquished.

Vanquished Creatures (collateral kills)
  A goblin zombie (Ossuary)
  A hobgoblin zombie (Ossuary)
  A jackal zombie (Ossuary)
  A kobold zombie (Ossuary)
4 creatures vanquished.

Grand Total: 51 creatures vanquished

Notes
Turn   | Place    | Note
-------+----------+-------------------------------------------
     0 | D:1      | Maedhros the Octopode Artificer began the quest for the
                  | Orb.
     0 | D:1      | Reached XP level 1. HP: 13/13 MP: 3/3
    65 | D:1      | Reached skill level 2 in Stealth
    96 | D:1      | Reached XP level 2. HP: 3/18 MP: 4/4
   434 | D:3      | Reached skill level 3 in Stealth
   468 | D:3      | Reached XP level 3. HP: 15/23 MP: 5/5
   527 | D:4      | Noticed a phantom
   549 | D:5      | Entered Level 5 of the Dungeon
   648 | D:5      | Reached XP level 4. HP: 12/28 MP: 7/7
   677 | D:6      | Reached skill level 4 in Stealth
   712 | D:5      | Noticed Sigmund
   727 | D:4      | Noticed an ogre
   734 | D:4      | Killed an ogre
   734 | D:4      | Reached skill level 5 in Stealth
   734 | D:4      | Reached skill level 5 in Evocations
   734 | D:4      | Reached XP level 5. HP: 4/33 MP: 8/8
   749 | D:4      | Noticed Ijyb
   753 | D:4      | Killed Ijyb
   775 | D:4      | Found a sand-covered staircase.
   782 | Ossuary  | Entered an ossuary
  1032 | Ossuary  | Reached XP level 6. HP: 30/38 MP: 10/10
  1036 | Ossuary  | Reached skill level 6 in Stealth
  1197 | Ossuary  | Slain by a centaur zombie

Levels and vault maps discovered:
D:1:      zelgadis_glass_arrival_small, layout_loops_corners
D:2:      layout_basic, overflow_temple_1_default
D:3:      layout_loops_ring, vehumet_crystals, serial_undead, serial_undead_d,
          serial_undead_d, serial_undead_e, serial_undead_a,
          chequers_ecumenical_altar_simple, gup_sewer_entry_bubbles,
          kennysheep_jessica_study
D:4:      kennysheep_goblin_castle, layout_rooms, enter_ossuary_4,
          feat_on_display, uniq_ijyb
D:5:      layout_basic, first_ration, uniq_sigmund, uniq_pikel, uniq_eustachio
D:6:      layout_cave_pools, elyvilon_altar_5
Ossuary:  minmay_ossuary_two_tombs

Skill      XL: |  1  2  3  4  5  6 |
---------------+-------------------+-----
Stealth        | 2 3 5 6 |  6.0
Evocations     | 4 5 |  5.6
Fighting       | |  1.0
Short Blades   | |  1.0
Dodging        | |  2.0

Action                   |  1- 3 |  4- 6 || total
-------------------------+-------+-------++-------
Melee: Short sword       |    15 |       ||    15
       Constrict         |    15 |    14 ||    29
       Tentacles         |     9 |    12 ||    21
       Dagger            |    43 |    45 ||    88
Evoke: Wand              |     4 |    12 ||    16
  Use: Scroll            |     2 |     1 ||     3
 Stab: Sleeping          |     5 |     6 ||    11
Armor: Skin              |     4 |     2 ||     6
Dodge: Dodged            |    28 |    26 ||    54

Table legend:
 A = Non-vault XP
 B = Vault XP
 C = Vault XP percentage of total XP
 D = Non-vault monster count
 E = Vault monster count
 F = Vault count percentage of total count
                 A         B        C        D         E       F
            +---------+---------+-------+---------+---------+-------
      Total |     229 |     126 |  35.5 |      34 |      17 |  33.3
            +---------+---------+-------+---------+---------+-------
        D:1 |      16 |       0 |   0.0 |      10 |       0 |   0.0
        D:2 |      12 |       0 |   0.0 |       7 |       0 |   0.0
        D:3 |      27 |       0 |   0.0 |       6 |       0 |   0.0
        D:4 |     148 |      36 |  19.6 |       5 |       1 |  16.7
        D:5 |      18 |       0 |   0.0 |       2 |       0 |   0.0
        D:6 |       8 |       0 |   0.0 |       4 |       0 |   0.0
    Ossuary |       0 |      90 | 100.0 |       0 |      16 | 100.0
            +---------+---------+-------+---------+---------+-------
